 Dungeon Crawl Stone Soup version 0.31-a0-1291-g5386780bc2 (webtiles) character file.

Game seed: 13322188018387230189

177 Descartes the Covered (level 5, -6/35 HPs)
             Began as a Formicid Earth Elementalist on Dec 18, 2023.
             Mangled by Edmund
             ... wielding a +2 heavy flail
              (15 damage)
             ... on level 3 of the Dungeon.
             The game lasted 00:04:52 (3410 turns).

Descartes the Covered (Formicid Earth Elementalist) Turns: 3410, Time: 00:04:52

Health: -6/35      AC: 12    Str: 15    XL:     5   Next: 88%
Magic:  8/8        EV:  5    Int: 14    God:
Gold:   229        SH:  0    Dex: 14    Spells: 8/9 levels left

rFire   . . .        g - +0 mace
rCold   . . .        (no shield)
rNeg    . . .        d - +0 plate armour
rPois   .            (helmet unavailable)
rElec   .            (no cloak)
rCorr   .            (no gloves)
SInv    +            (no boots)
Will    .....        (no amulet) Stlth
                     (no ring)
HPRegen 0.25/turn    (no ring)
MPRegen 0.11/turn

%: no passive effects
@: invisible
A: permanent stasis, dig shafts and tunnels, antennae 3, four strong arms
a: Dig, Shaft Self


You were on level 3 of the Dungeon.
You visited 1 branch of the dungeon, and saw 4 of its levels.

You collected 229 gold pieces.

Inventory:

Hand Weapons
 e - a +0 club
 g - a +0 mace (weapon)
Missiles
 o - 6 boomerangs
 r - 8 poisoned darts
 s - a throwing net
Armour
 a - a +0 robe
 d - a +0 plate armour (worn)
Magical Staves
 m - a staff of air
Scrolls
 f - 2 scrolls of noise
 i - 2 scrolls of amnesia
 k - a scroll of fog {unknown}
 n - a scroll of revelation {unknown}
 p - a scroll of poison {unknown}
 q - a scroll of fear {unknown}
 u - a scroll of blinking {unknown}
 v - a scroll of immolation {unknown}
Potions
 b - 2 potions of magic
 c - 3 potions of curing
 h - a potion of attraction {unknown}
 t - a potion of heal wounds
 w - a potion of might {unknown}


   Skills:
 - Level 5.0 Armour
 - Level 1.7 Dodging
 - Level 2.4 Stealth
 + Level 2.6 Spellcasting
 - Level 1.1 Transmutations
 - Level 4.2 Earth Magic


You had 8 spell levels left.
You knew the following spells:

 Your Spells              Type           Power      Damage    Failure   Level
a - Sandblast             Erth           26%        2d8       94%         1

Your spell library contained the following spells:

 Spells                   Type           Power      Damage    Failure   Level
 Apportation              Tloc           2%         N/A       100%        1
 Necrotise                Necr           4%         1d4       100%        1
 Summon Small Mammal      Summ           4%         N/A       100%        1
 Passwall                 Tmut/Erth      7%         N/A       100%        2
 Mephitic Cloud           Conj/Pois/Air  1%         N/A       100%        3
 Stone Arrow              Conj/Erth      14%        3d7       100%        3
 Airstrike                Air            0%         2d(1-17)  100%        4
 Brom's Barrelling Bould  Conj/Erth      7%         2d3       100%        4
 Petrify                  Tmut/Erth      9%         N/A       100%        4
 Maxwell's Capacitive Co  Air            0%         ∞         100%        8


Dungeon Overview and Level Annotations

Branches:
Dungeon (4/15)
 Temple: D:4-7

Altars:
Uskayaw

Annotations:
D:3 Edmund


Innate Abilities, Weirdness & Mutations

You cannot be hasted, slowed, berserked, paralysed or teleported.
You can dig through walls and to a lower floor.
You have a pair of large antennae on your head. (SInv)
Your four strong arms can wield two-handed weapons with a shield.


Message History

Found an escape hatch in the ceiling.
Edmund shouts!
There is an open door here.
Edmund attacks as he pursues you! Edmund hits you with a +2 heavy flail.
Edmund attacks as he pursues you! Edmund hits you with a +2 heavy flail.
There is an escape hatch in the ceiling here.
A mysterious force pulls you upwards. The hatch slams shut behind you.
You barely miss Edmund. Edmund hits you with a +2 heavy flail!
You hit Edmund.
Edmund is lightly wounded.
Edmund hits you with a +2 heavy flail!
* * * LOW HITPOINT WARNING * * *
You hit Edmund.
Edmund is lightly wounded.
Edmund barely misses you.
Unknown command.
You feel much better. Edmund hits you but does no damage.
You fade into invisibility!
Edmund hits you with a +2 heavy flail.
You hit Edmund.
Edmund is lightly wounded.
Edmund asks, "Have you met my wondrous brother?"
Edmund hits you with a +2 heavy flail.
You hit Edmund.
Edmund is lightly wounded.
You barely miss Edmund.
Edmund is lightly wounded.
Edmund hits you with a +2 heavy flail!
You completely miss Edmund.
Edmund is lightly wounded.
Edmund hits you with a +2 heavy flail.
You barely miss Edmund.
Edmund is lightly wounded.
Edmund hits you with a +2 heavy flail!
* * * LOW HITPOINT WARNING * * *
You hit Edmund but do no damage.
Edmund is lightly wounded.
Edmund hits you with a +2 heavy flail!
You die...
Edmund says, "I'd like to see a scythe do that!"

#.# §.....§.§...#
#.#### #.#
.....?...#.###.####
#.#
#...######.##[.....
#.# #§§○#
#......#### #.#
#§§.# ####.#.####
#.# #°.§#
###...#.... #.#
#...# #....#.####
#.# #..@#
####.#.....
#.#########.@.####
#.######
#................#
#.# #
########.........#
#.# # #.........#
#.# # ####...####
#.# # #...# ###.##
# #...# #..#.#####
##..# #.#.......
#..######.#.######


You could see Edmund (unable to see you).

Vanquished Creatures
  4 gnolls
  7 adders
  2 worms (D:2)
  2 orcs (D:3)
  9 endoplasms
  3 giant cockroaches (D:1)
  5 hobgoblins
  6 jackals
  2 kobolds
  3 quokkas
  10 ball pythons
  3 bats
  3 frilled lizards
  4 goblins
  6 rats
69 creatures vanquished.

Notes
Turn   | Place    | Note
-------+----------+-------------------------------------------
     0 | D:1      | Descartes the Formicid Earth Elementalist began the quest
                  | for the Orb.
     0 | D:1      | Reached XP level 1. HP: 13/13 MP: 3/3
   181 | D:1      | Reached XP level 2. HP: 19/19 MP: 1/5
   359 | D:1      | Reached skill level 1 in Armour
   790 | D:1      | Reached XP level 3. HP: 24/24 MP: 6/6
   842 | D:1      | Reached skill level 2 in Armour
  1349 | D:2      | Reached skill level 3 in Armour
  1349 | D:2      | Reached XP level 4. HP: 30/30 MP: 7/7
  1415 | D:2      | Got the Guide on Reformation and Ceraunoscopy
  1912 | D:3      | Reached skill level 4 in Armour
  1963 | D:3      | Reached XP level 5. HP: 29/35 MP: 8/8
  2601 | D:3      | Found a hide-covered altar of Uskayaw.
  2606 | D:3      | Found a faded altar of an unknown god.
  2687 | D:3      | Reached skill level 5 in Armour
  3390 | D:4      | Noticed Edmund
  3410 | D:3      | Mangled by Edmund

Illustrated notes

Levels and vault maps discovered:
D:1:      matt_arrival_grand_opening, layout_basic
D:2:      layout_basic
D:3:      layout_loops_ring, mainiacjoe_overflow_chevrons,
          hellmonk_ecumenical_altar_pennies_from_heaven, lemuel_flame_loot_1
D:4:      layout_basic, minmay_temple_entry_stoned_glass, minivault_11,
          due_unseen_surprise, uniq_edmund

Skill      XL: |  1  2  3  4  5 |
---------------+----------------+-----
Earth Magic    | 4 |  4.2
Armour         | 1 3 4 5 |  5.0
Dodging        | |  1.7
Stealth        | |  2.4
Spellcasting   | |  2.6
Transmutations | |  1.1

Action                     |  1- 3 |  4- 6 || total
---------------------------+-------+-------++-------
  Melee: Unarmed           |    65 |       ||    65
         Club              |    13 |       ||    13
         Mace              |    58 |   154 ||   212
         Punch             |     1 |       ||     1
   Cast: Sandblast         |     8 |       ||     8
Ability: Dig               |       |     1 ||     1
    Use: Scroll            |       |     5 ||     5
         Potion            |       |     2 ||     2
 Armour: Plate armour      |   150 |   194 ||   344
  Dodge: Dodged            |    32 |    54 ||    86

Table legend: (Time is in decaauts)
 A = Elapsed time spent in this place.
 B = Non-inter-level travel time spent in this place.
 C = Inter-level travel time spent in this place.
 D = Time resting spent in this place.
 E = Time spent auto-exploring this place.
 F = Levels seen in this place.
 G = Mean time per level.
                   A        B        C        D        E       F      G
               +--------+--------+--------+--------+--------+-----+--------+
         Total |   3503 |   3382 |    121 |      0 |   2653 |   4 |  875.8 |
       Dungeon |   3503 |   3382 |    121 |      0 |   2653 |   4 |  875.8 |
               +--------+--------+--------+--------+--------+-----+--------+

Top non-repeatable levels by time:
     D:3: 1221 daAuts
     D:1: 1107 daAuts
     D:2: 987 daAuts
     D:4: 186 daAuts
